 Dungeon Crawl Stone Soup version 0.28-a0-909-g796cbd3a86 (webtiles) character file.

Game seed: 7306797683538029798

14 oldmanjim the Grave Robber (level 2, -3/20 HPs)
             Began as a Ghoul Necromancer on Nov 24, 2021.
             Slain by an adder (5 damage)
             ... on level 2 of the Dungeon.
             The game lasted 00:04:28 (1147 turns).

oldmanjim the Grave Robber (Ghoul Necromancer)      Turns: 1147, Time: 00:04:29

Health: -3/20      AC:  2    Str: 11    XL:     2   Next: 41%
Magic:  4/4        EV: 12    Int: 10    God:
Gold:   20         SH:  0    Dex:  9    Spells: 3/5 levels left

rFire   . . .      SeeInvis .   (no weapon)
rCold   + . .      Faith    .   (no shield)
rNeg    + + +      Spirit   .   a - +0 robe
rPois   ∞          Reflect  .   (no helmet)
rElec   .          Harm     .   (no cloak)
rCorr   .          Rampage  .   (no gloves)
Will    .....                   (no boots)
Stlth   ++........              (no amulet)
HPRegen 0.00/turn               (no ring)
MPRegen 0.09/turn               (no ring)

@: inhibited regen
A: claws 1, cold resistance 1, negative energy resistance 3, inhibited
regeneration, torment resistance 2
a: no special abilities


You were on level 2 of the Dungeon.
You visited 1 branch of the dungeon, and saw 2 of its levels.

You collected 20 gold pieces.

Inventory:

Missiles
 d - 5 stones
 e - 14 arrows
 f - 13 poisoned darts
Armour
 a - a +0 robe (worn)
 i - a +0 pair of gloves
Scrolls
 b - 2 scrolls of immolation {unknown}
 c - 2 scrolls of teleportation {unknown}
 g - a scroll of identify {unknown}
 h - a scroll of blinking {unknown}


   Skills:
 - Level 1.7 Dodging
 + Level 2.8 Stealth
 - Level 2.0 Spellcasting
 + Level 4.2 Necromancy


You had 3 spell levels left.
You knew the following spells:

 Your Spells              Type           Power      Damage    Failure   Level
a - Pain                  Necr           36%        1d5       5%          1
b - Animate Skeleton      Necr           18%        N/A       5%          1

Your spell library contained the following spells:

 Spells                   Type           Power      Damage    Failure   Level
 Vampiric Draining        Necr           9%         2d6       17%         3
 Stone Arrow              Conj/Erth      2%         3d7       67%         3
 Animate Dead             Necr           4%         N/A       50%         4
 Agony                    Necr           9%         N/A       83%         5
 Animate Armour           Summ/Erth      2%         N/A       97%         4
 Lehudib's Crystal Spear  Conj/Erth      0%         10d2      100%        8


Dungeon Overview and Level Annotations

Branches:
Dungeon (2/15)

Altars:


Innate Abilities, Weirdness & Mutations

You thrive by killing the living.
You are immune to poison.
You have sharp fingernails.
Your flesh is cold resistant. (rC+)
You are immune to negative energy. (rN+++)
You do not regenerate when monsters are visible.
You are immune to unholy pain and torment.


Message History

Confirm with . or Enter, or press ? or * to list all spells.
You can't see any susceptible monsters within range! (Use Z to cast anyway.)
An adder comes into view.
Casting: Pain (safe; 5% risk of failure)
Confirm with . or Enter, or press ? or * to list all spells.
You can't see any susceptible monsters within range! (Use Z to cast anyway.) Unknown command.
The ball python hisses angrily.
The adder hisses angrily.
The adder bites you.
You barely miss the adder. The adder bites you.
You scratch the adder.
The adder is moderately wounded.
The adder barely misses you.
You closely miss the ball python. The ball python barely misses you.
The ball python grabs you. The ball python constricts you.
The adder bites you but does no damage.
You barely miss the ball python. The ball python bites you.
The ball python constricts you. The adder closely misses you.
The ball python closely misses you. The ball python constricts you.
You closely miss the ball python. The adder bites you.
The ball python bites you. The ball python constricts you.
You closely miss the ball python. The adder bites you.
* * * LOW HITPOINT WARNING * * *
The ball python bites you but does no damage.
The ball python constricts you.
* * * LOW HITPOINT WARNING * * *
The adder barely misses you.
You are too injured to fight recklessly!
You are too injured to fight recklessly!
You are too injured to fight recklessly!
You scratch the ball python but do no damage.
The ball python bites you.
* * * LOW HITPOINT WARNING * * *
The ball python constricts you. The adder bites you but does no damage.
You scratch the ball python.
You kill the ball python!
You feel better. The adder bites you.
* * * LOW HITPOINT WARNING * * *
The adder misses you. The adder bites you.
You die...

.....#........#
..............#..
.†...##.......#.#
............#.#.#
......#######.#.#
......#.......#.########
####..#.#######.#.......
#..#........S#.......
#..#.#.#.....@.......
####......###.###.......
.........># #.# ####+##
......#.#.. ..#
####..#.####### ......
##..#.


You could see an adder.

Vanquished Creatures
  A bat (D:1)
  An endoplasm (D:1)
  2 goblins (D:1)
  A hobgoblin (D:2)
  4 ball pythons
  2 kobolds (D:1)
  2 rats (D:1)
13 creatures vanquished.

Notes
Turn   | Place    | Note
-------+----------+-------------------------------------------
     0 | D:1      | oldmanjim the Ghoul Necromancer began the quest for the
                  | Orb.
     0 | D:1      | Reached XP level 1. HP: 14/14 MP: 2/2
   448 | D:1      | Reached XP level 2. HP: 20/20 MP: 0/4
   849 | D:1      | Learned a level 1 spell: Animate Skeleton
  1147 | D:2      | Slain by an adder

Illustrated notes

Levels and vault maps discovered:
D:1:      grunt_arrival_crossed_arrows, layout_basic, feat_on_display
D:2:      layout_basic

Skill      XL: |  1 |
---------------+----+-----
Spellcasting   | 2 |  2.0
Dodging        | |  1.7
Stealth        | |  2.8
Necromancy     | |  4.2

Action                   || total
-------------------------++-------
Melee: Unarmed           ||    65
 Cast: Pain              ||     3
 Stab: Sleeping          ||     1
Armor: Robe              ||    20
Dodge: Dodged            ||    43

Table legend: (Time is in decaauts)
 A = Elapsed time spent in this place.
 B = Non-inter-level travel time spent in this place.
 C = Inter-level travel time spent in this place.
 D = Time resting spent in this place.
 E = Time spent auto-exploring this place.
 F = Levels seen in this place.
 G = Mean time per level.
                   A        B        C        D        E       F      G
               +--------+--------+--------+--------+--------+-----+--------+
         Total |   1146 |   1143 |      3 |      0 |    961 |   2 |  573.0 |
       Dungeon |   1146 |   1143 |      3 |      0 |    961 |   2 |  573.0 |
               +--------+--------+--------+--------+--------+-----+--------+

Top non-repeatable levels by time:
     D:1: 918 daAuts
     D:2: 228 daAuts
